 Dungeon Crawl Stone Soup version 0.23-a0-303-gfcac5de (webtiles) character file.

13372 DrChives the Spear-Bearer (level 11, -4/97 HPs)
             Began as a Minotaur Fighter on Oct 8, 2018.
             Was a Believer of the Shining One.
             Slain by a dream sheep (20 damage)
             ... on level 4 of the Lair of Beasts.
             The game lasted 00:41:39 (8678 turns).

DrChives the Spear-Bearer (Minotaur Fighter)        Turns: 8678, Time: 00:41:40

Health: -4/97      AC: 19    Str: 24    XL:     11   Next: 74%
Magic:  10/10      EV:  8    Int:  5    God:    the Shining One [**....]
Gold:   501        SH:  0    Dex: 10    Spells: 10/10 levels left

rFire    . . .     SeeInvis .   a - +1 trident
rCold    . . .     Gourm    .   c - +0 shield
rNeg     + . .     Faith    .   o - +1 plate armour
rPois    .         Spirit   .   (helmet restricted)
rElec    .         Reflect  .   n - +0 cloak
rCorr    .         Harm     .   w - +0 pair of gloves
MR       .....                  (no boots)
Stlth    ..........             g - amulet of regeneration
HPRegen  0.66/turn              (no ring)
MPRegen  0.12/turn              (no ring)

@: sleeping, glowing
A: retaliatory headbutt, horns 2
a: Divine Shield, Renounce Religion


You were on level 4 of the Lair of Beasts.
You worshipped the Shining One.
The Shining One was pleased with you.
You were not hungry.

You visited 3 branches of the dungeon, and saw 13 of its levels.
You also visited: Sewer.

You collected 501 gold pieces.

Inventory:

Hand Weapons
 a - a +1 trident (weapon)
 r - a +3 falchion
 y - a +2 hand crossbow of velocity
Armour
 b - a +0 scale mail
 c - a +0 shield (worn)
 n - a +0 cloak (worn)
 o - a +1 plate armour (worn)
 w - a +0 pair of gloves (worn)
 z - a +0 scale mail of fire resistance
 C - a +0 pair of gloves
Jewellery
 g - an amulet of regeneration (around neck)
Wands
 j - a wand of random effects (30)
 A - a wand of flame (30)
 B - a wand of disintegration (10)
 F - a wand of enslavement (18)
Scrolls
 h - 5 scrolls of remove curse
 l - 2 scrolls of teleportation
 m - 5 scrolls of amnesia
 E - 3 scrolls of identify
 G - a scroll of magic mapping
Potions
 d - 5 potions of might
 e - 3 potions of cancellation
 i - 2 potions of lignification
 p - a potion of invisibility
 q - a potion of degeneration
 s - 3 potions of agility
 t - 5 potions of curing
 u - 3 potions of flight
 v - 3 potions of brilliance {unknown}
Comestibles
 f - 11 rations


   Skills:
 + Level 9.3 Fighting
 + Level 13.0 Polearms
 + Level 11.2 Armour
 + Level 3.3 Dodging
 + Level 1.7 Stealth
 + Level 12.0 Shields


You had 10 spell levels left.
You didn't know any spells.
Your spell library contained the following spells:

 Spells                   Type           Power        Failure   Level  Hunger
 Flame Tongue             Conj/Fire      #....        100%        1    ##.....
 Throw Flame              Conj/Fire      #.....       100%        2    ###....
 Conjure Flame            Conj/Fire      #.......     100%        3    ####...
 Inner Flame              Hex/Fire       #.......     100%        3    ####...
 Sticky Flame             Conj/Fire      #.......     100%        4    #####..
 Fireball                 Conj/Fire      #.........   100%        5    ######.


Dungeon Overview and Level Annotations

Branches:
Dungeon (8/15)             Temple (1/1) D:4            Lair (4/6) D:8
 Shoals (0/4) Lair:2        Snake (0/4) Lair:2

Altars:
Ashenzari
Cheibriados
Dithmenos
Elyvilon
Fedhas
Hepliaklqana
Kikubaaqudgha
Makhleb
Nemelex Xobeh
Okawaru
Qazlal
Ru
Sif Muna
Uskayaw
Vehumet
Wu Jian
Xom
Yredelemnul
Zin
The Shining One

Annotations:
D:5 3 runed doors, nel's ghost, novice HuSk
Lair:1 1 runed door, HilariousDeathArtist's ghost, journeyman TrGl
Lair:2 exclusion: oklob plant
Lair:3 Nergalle


Innate Abilities, Weirdness & Mutations

You reflexively headbutt those who attack you in melee.
You have a pair of horns on your head.


Message History

As you read the scroll of teleportation, it crumbles to dust.
You feel strangely unstable. You block the elephant's attack. x2
The elephant closely misses you. You furiously retaliate!
You headbutt the elephant! The elephant closely misses you.
The elephant tramples you but does no damage.
The elephant trunk-slaps you but does no damage.
The elephant tramples you but does no damage.
The elephant trunk-slaps you but does no damage.
Your surroundings suddenly seem different.
The dream sheep bleats! x3
Found a rapier.
You puncture the dream sheep!
The dream sheep is heavily wounded.
You hit the dream sheep. You headbutt the dream sheep.
The dream sheep is severely wounded.
The dream sheep shake their wool and sparkle.
You feel drowsy...
You fall asleep.
You hear the rapid rumble of a very distant avalanche of rocks.
The dream sheep bites you!!
You die...

.....# .. ...
.. . ......# .
.......#.## .
.....#..#.###..
...............
.......Y...Y...
)......@.......
.........Y.....
...............
...##.#+######.
.. #. . ##


You could see 3 dream sheep.

Vanquished Creatures
  2 hydras
  A merfolk siren (Lair:2)
  4 elephants (Lair:4)
  A black mamba (Lair:2)
  A spiny frog (Lair:2)
  3 komodo dragons
  A troll (D:6)
  Grinder (D:3)
  14 blink frogs
  A dream sheep (Lair:4)
  3 hippogriffs
  7 yaks
  A wyvern (Lair:2)
  A basilisk (Lair:2)
  6 nagas (Lair:2)
  5 water moccasins
  4 porcupines
  A sky beast (D:6)
  A phantom (D:7)
  A black bear (D:8)
  3 ogres
  4 crocodiles
  2 big kobolds
  8 bullfrogs
  A wyvern skeleton (D:6)
  2 scorpions
  2 crimson imps
  A howler monkey (D:6)
  2 bullfrog zombies
  4 orc wizards
  7 hounds
  An orc priest (D:8)
  A jelly (D:7)
  A bullfrog skeleton (D:7)
  An iguana (D:4)
  3 worker ants
  A hound skeleton (D:3)
  4 adders
  3 river rats (Sewer)
  An ooze (Sewer)
  2 adder skeletons
  An adder zombie (D:7)
  5 worms
  3 dart slugs
  8 leopard geckos
  22 orcs
  7 giant cockroaches
  8 goblins
  4 hobgoblins
  3 jackals (D:1)
  26 kobolds
  A quokka (D:5)
  8 ball pythons
  A ball python skeleton (D:4)
  7 bats
  4 frilled lizards
  A quokka skeleton (D:4)
  30 rats
  A fungus (Lair:2)
253 creatures vanquished.

Vanquished Creatures (others)
  3 fungi
  3 plants (D:5)
6 creatures vanquished.

Grand Total: 259 creatures vanquished

Notes
Turn   | Place    | Note
-------+----------+-------------------------------------------
     0 | D:1      | DrChives the Minotaur Fighter began the quest for the Orb.
     0 | D:1      | Reached XP level 1. HP: 19/19 MP: 0/0
   100 | D:1      | Reached XP level 2. HP: 21/27 MP: 1/1
  1017 | D:2      | Reached XP level 3. HP: 29/33 MP: 2/2
  1499 | D:2      | Reached skill level 3 in Polearms
  1661 | D:3      | Reached XP level 4. HP: 40/40 MP: 3/3
  1835 | D:3      | Noticed Grinder
  1839 | D:3      | Paralysed by Grinder for 7 turns
  1860 | D:3      | HP: 2/40 [Grinder (7)]
  1864 | D:3      | Killed Grinder
  1864 | D:3      | Reached skill level 5 in Polearms
  1864 | D:3      | Reached skill level 5 in Armour
  1864 | D:3      | Reached skill level 1 in Dodging
  1864 | D:3      | Reached XP level 5. HP: 4/46 MP: 4/4
  1906 | D:3      | Reached XP level 6. HP: 52/52 MP: 5/5
  2240 | D:4      | Found a glowing drain.
  2254 | Sewer    | Entered a sewer
  2588 | Sewer    | Reached skill level 5 in Shields
  2907 | D:4      | Reached XP level 7. HP: 51/60 MP: 6/6
  3013 | D:4      | Reached skill level 6 in Polearms
  3119 | D:4      | Found a staircase to the Ecumenical Temple.
  3152 | Temple   | Entered the Ecumenical Temple
  3285 | Temple   | Became a worshipper of the Shining One
  3662 | D:5      | Entered Level 5 of the Dungeon
  4039 | D:5      | Found a runed gate.
  4039 | D:5      | Noticed nel's ghost (novice HuSk)
  4040 | D:5      | Found a runed gate.
  4041 | D:5      | Found a runed gate.
  4475 | D:6      | Noticed a troll
  4486 | D:6      | Killed a troll
  4486 | D:6      | Reached skill level 7 in Polearms
  4486 | D:6      | Reached XP level 8. HP: 42/67 MP: 7/7
  4496 | D:6      | Reached skill level 5 in Fighting
  4624 | D:6      | Reached * piety under the Shining One
  4658 | D:6      | Reached skill level 8 in Polearms
  5453 | D:7      | Found a deep blue altar of Sif Muna.
  5453 | D:7      | Found a sparkling altar of Nemelex Xobeh.
  5455 | D:7      | Found a glowing silver altar of Zin.
  5477 | D:7      | Found a blossoming altar of Fedhas.
  5481 | D:7      | Found a sacrificial altar of Ru.
  6088 | D:7      | Reached skill level 9 in Polearms
  6175 | D:8      | Reached XP level 9. HP: 51/75 MP: 8/8
  6295 | D:8      | Found a staircase to the Lair.
  6311 | Lair:1   | Entered Level 1 of the Lair of Beasts
  6395 | Lair:1   | Reached skill level 10 in Polearms
  6467 | Lair:1   | Noticed a five-headed hydra
  6483 | Lair:1   | Killed a five-headed hydra
  6609 | Lair:1   | Noticed a komodo dragon
  6625 | Lair:1   | Killed a komodo dragon
  6711 | Lair:1   | Reached skill level 11 in Polearms
  6711 | Lair:1   | Reached XP level 10. HP: 46/86 MP: 9/9
  6762 | Lair:1   | Noticed HilariousDeathArtist's ghost (journeyman TrGl)
  6770 | Lair:1   | Found a runed door.
  7210 | Lair:2   | Reached skill level 10 in Shields
  7357 | Lair:2   | Noticed a merfolk siren
  7370 | Lair:2   | Killed a merfolk siren
  7370 | Lair:2   | Reached skill level 10 in Armour
  7370 | Lair:2   | Reached skill level 1 in Stealth
  7371 | Lair:2   | Found a staircase to the Shoals.
  7517 | Lair:2   | Noticed a spiny frog
  7525 | Lair:2   | Killed a spiny frog
  7525 | Lair:2   | Reached skill level 12 in Polearms
  7539 | Lair:2   | Reached ** piety under the Shining One
  7595 | Lair:2   | Reached XP level 11. HP: 63/95 MP: 10/10
  7630 | Lair:2   | Found a staircase to the Snake Pit.
  7867 | Lair:2   | Found a deep blue altar of Sif Muna.
  7868 | Lair:2   | Noticed an oklob plant
  7896 | Lair:2   | Noticed a four-headed hydra
  7910 | Lair:2   | Killed a four-headed hydra
  8049 | Lair:3   | Noticed Nergalle
  8670 | Lair:4   | Reached skill level 13 in Polearms
  8678 | Lair:4   | Slain by a dream sheep

Vault maps used:
D:1:      sevenhm_arrival_forest_fort_large_4, patterned_corridor
D:2:      first_ration
D:3:      hangedman_abyss_or_decor_stabs, uniq_grinder
D:4:      minmay_temple_entry_grid, gup_sewer_entry_pipe
D:5:      gammafunk_ghost_nasty_kobolds
D:7:      nicolae_overflow_hidden_temple
D:8:      lair_entry_dummy, uniq_psyche, uniq_gastronok
Temple:   nicolae_temple_elliptical
Lair:1:   hellmonk_ghost_happy_afterlife, grunt_megastairs_3
Lair:2:   elwin_shoals_entry_stream, minmay_snake_entry_guardpost_large,
          lemuel_oklob_altar
Lair:3:   uniq_nergalle
Lair:4:   nicolae_volcano_entry_s_turn
Sewer:    sewer_minmay_treatment

Skill      XL: |  1  2  3  4  5  6  7  8  9 10 11 |
---------------+----------------------------------+-----
Armour         | 4 5 6 7 8 10 11 | 11.2
Shields        | 4 5 6 7 9 10 12 | 12.0
Polearms       | 3 5 7 9 11 12 13 | 13.0
Fighting       | 4 5 7 8 9 |  9.3
Dodging        | 1 2 3 |  3.3
Stealth        | 1 |  1.7

Action                   |  1- 3 |  4- 6 |  7- 9 | 10-12 || total
-------------------------+-------+-------+-------+-------++-------
Melee: Trident           |    97 |   212 |   302 |   391 ||  1002
       Headbutt          |    15 |    30 |    58 |    90 ||   193
  Use: Scroll            |     5 |     4 |    14 |     8 ||    31
       Potion            |       |     1 |     2 |    10 ||    13
  Eat: Ration            |     1 |     1 |     3 |     2 ||     7
       Chunk             |       |     2 |       |       ||     2
Armor: Scale mail        |    62 |       |       |       ||    62
       Plate armour      |       |   179 |   192 |   295 ||   666
Dodge: Dodged            |    55 |    61 |    74 |   143 ||   333
Block: Shield            |    69 |   175 |   176 |   318 ||   738

Table legend:
 A = Non-vault XP
 B = Vault XP
 C = Vault XP percentage of total XP
 D = Non-vault monster count
 E = Vault monster count
 F = Vault count percentage of total count
                 A         B        C        D         E       F
            +---------+---------+-------+---------+---------+-------
      Total |   16068 |    3035 |  15.9 |     187 |      65 |  25.8
            +---------+---------+-------+---------+---------+-------
        D:1 |      33 |       0 |   0.0 |      19 |       0 |   0.0
        D:2 |      51 |       0 |   0.0 |      22 |       0 |   0.0
        D:3 |      68 |     262 |  79.4 |      18 |       1 |   5.3
        D:4 |     295 |      19 |   6.1 |      19 |       7 |  26.9
        D:5 |     179 |       0 |   0.0 |       9 |       0 |   0.0
        D:6 |     737 |       0 |   0.0 |      13 |       0 |   0.0
        D:7 |     774 |       0 |   0.0 |      17 |       0 |   0.0
        D:8 |     579 |       0 |   0.0 |      14 |       0 |   0.0
     Lair:1 |    3092 |    1121 |  26.6 |      16 |       2 |  11.1
     Lair:2 |    4582 |    1436 |  23.9 |      18 |       7 |  28.0
     Lair:3 |    2310 |       0 |   0.0 |      11 |       0 |   0.0
     Lair:4 |    3368 |       0 |   0.0 |      11 |       0 |   0.0
      Sewer |       0 |     197 | 100.0 |       0 |      48 | 100.0
            +---------+---------+-------+---------+---------+-------
